 Dungeon Crawl Stone Soup version 0.31.0-1-g2c135a0 (webtiles) character file.

Game seed: 13483914727747923831

1213 jagoly the Trooper (level 8, -1/52 HPs)
             Began as a Gargoyle Monk on Jan 28, 2024.
             Was a Believer of the Shining One.
             Slain by a wight
             ... wielding a +0 morningstar
              (12 damage)
             ... on level 6 of the Dungeon.
             The game lasted 00:18:01 (1954 turns).

jagoly the Trooper (Gargoyle Monk)                  Turns: 1954, Time: 00:18:02

Health: -1/52      AC: 13    Str: 17    XL:     8   Next: 46%
Magic:  8/8        EV: 11    Int: 11    God:    the Shining One [**....]
Gold:   80         SH:  0    Dex: 12    Spells: 7/7 levels left

rFire   + . .        w - +4 flail (heavy)
rCold   . . .        d - orb {light}
rNeg    + + +        j - +0 ring mail
rPois   ∞            (no helmet)
rElec   +            (no cloak)
rCorr   .            (no gloves)
SInv    .            x - +0 pair of boots
Will    .....        (no amulet)
Stlth   +            h - ring of positive energy
HPRegen 0.28/turn    t - ring of protection from fire
MPRegen 0.11/turn

%: no passive effects
@: glowing
A: sickness immunity, AC +5, negative energy resistance 1, electricity
resistance, torment resistance 1, petrification resistance
a: Renounce Religion, Divine Shield


You were on level 6 of the Dungeon.
You worshipped the Shining One.
The Shining One was pleased with you.
You visited 2 branches of the dungeon, and saw 8 of its levels.

You collected 355 gold pieces.
You spent 275 gold pieces at shops.

Inventory:

Hand Weapons
 a - a +2 heavy hand axe
 b - a +1 short sword of venom
 w - a +4 heavy flail (weapon)
 H - a +0 morningstar
Missiles
 g - 15 stones (quivered)
 u - a poisoned dart
Armour
 c - a +0 robe
 d - an orb of light (worn)
 j - a +0 ring mail (worn)
 l - a +1 robe of cold resistance
 x - a +0 pair of boots (worn)
 C - a +0 plate armour
 I - a +0 chain mail
Jewellery
 h - a ring of positive energy (left hand)
 t - a ring of protection from fire (right hand)
Wands
 D - a wand of flame (10)
Scrolls
 e - 2 scrolls of blinking {unknown}
 f - 5 scrolls of identify {unknown}
 m - 2 scrolls of revelation {unknown}
 o - 2 scrolls of vulnerability {unknown}
 q - 3 scrolls of teleportation {unknown}
 r - a scroll of fear {unknown}
 v - a scroll of acquirement {unknown}
 y - 2 scrolls of noise {unknown}
 G - a scroll of torment {unknown}
Potions
 i - 2 potions of heal wounds
 k - 3 potions of curing
 n - a potion of haste {unknown}
 p - a potion of brilliance {unknown}
 s - 3 potions of might
 z - 2 potions of lignification {unknown}
 A - a potion of invisibility {unknown}
 B - a potion of ambrosia
 E - a potion of enlightenment
 F - a potion of cancellation


   Skills:
 + Level 6.7 Fighting
 + Level 6.0 Axes
 + Level 5.3 Armour
 - Level 3.0 Dodging
 - Level 2.0 Stealth


You had 7 spell levels left.
You didn't know any spells.
Your spell library contained the following spells:

 Spells                   Type           Power      Damage    Failure   Level
 Ozocubu's Armour         Ice            0%         N/A       88%         3
 Olgreb's Toxic Radiance  Alch           0%         N/A       99%         4
 Metabolic Englaciation   Hex/Ice        0%         N/A       100%        5
 Sculpt Simulacrum        Ice/Alch       0%         N/A       100%        6
 Ozocubu's Refrigeration  Ice            0%         4d7       100%        7
 Discord                  Hex            0%         N/A       100%        8


Dungeon Overview and Level Annotations

Branches:
Dungeon (7/15) Zot: 26749  Temple (1/1) D:4 Zot: 5998

Altars:
Cheibriados
Dithmenos
Elyvilon
Gozag
Hepliaklqana
Kikubaaqudgha
Makhleb
Okawaru
Qazlal
Sif Muna
Trog
Uskayaw
Vehumet
Wu Jian
Xom
Yredelemnul
Zin
The Shining One

Shops:
D:6 !


Innate Abilities, Weirdness & Mutations

You are immune to sickness and miasma.
Your stone body is resilient. (AC +5)
You are immune to poison.
You resist negative energy. (rN+)
You are resistant to electric shocks. (rElec)
You are resistant to unholy torment.
You are immune to petrification.


Message History

You now have 319 gold pieces (gained 5).
There is a stone staircase leading down here.
You climb downwards.
The iguana hisses angrily.
There is a stone staircase leading up here.
Found 17 gold pieces.
Found a ruby potion.
The iguana closely misses you.
You hit the iguana but do no damage.
The iguana is poisoned.
The iguana bites you but does no damage.
You barely miss the iguana.
The iguana is lightly wounded.
The iguana bites you but does no damage.
You hit the iguana but do no damage.
The iguana looks as sick as possible!
The iguana is moderately wounded.
The iguana closely misses you.
You hit the iguana but do no damage.
The iguana is heavily wounded.
The iguana bites you but does no damage.
You hit the iguana but do no damage.
The iguana is severely wounded.
The iguana bites you but does no damage.
You hit the iguana but do no damage.
The iguana looks as sick as possible!
The iguana is severely wounded.
You kill the iguana!
No target in view!
You see here an iguana corpse.
Found a stone staircase leading down.
s - 2 ruby potions (gained 1)
You now have 336 gold pieces (gained 17).
There is a stone staircase leading down here.
You climb downwards.
Prince Ribbit croaks.
Found 14 gold pieces, a plate armour and a scroll labelled SUOMYU MEPEIH.
There is a stone staircase leading up here.
Unknown command.
Press: ? - help, v - describe, . - travel
Here: Prince Ribbit (haloed)
The floor.
Unknown command.
Throw: dart (poison)
Press: ? - help, Shift-Dir - straight line, f - Prince Ribbit
Aim: Prince Ribbit (haloed, 52% to hit)
You throw a poisoned dart.
The poisoned dart closely misses Prince Ribbit.
Hit: b) +1 short sword (venom)
Press: ? - help, Dir - move target, f/p - Prince Ribbit
Aim: Prince Ribbit (haloed, about 40% to evade your +1 short sword of venom)
You closely miss Prince Ribbit. Prince Ribbit barely misses you.
Hit: b) +1 short sword (venom)
Press: ? - help, Dir - move target, f/p - Prince Ribbit
Aim: Prince Ribbit (haloed, about 40% to evade your +1 short sword of venom)
You closely miss Prince Ribbit. Prince Ribbit hits you! x2
Hit: b) +1 short sword (venom)
Press: ? - help, Dir - move target, f/p - Prince Ribbit
Aim: Prince Ribbit (haloed, about 40% to evade your +1 short sword of venom)
You closely miss Prince Ribbit. Prince Ribbit hits you.
Hit: b) +1 short sword (venom)
Press: ? - help, Dir - move target, f/p - Prince Ribbit
Aim: Prince Ribbit (haloed, about 40% to evade your +1 short sword of venom)
You hit Prince Ribbit but do no damage.
Prince Ribbit is poisoned.
Prince Ribbit closely misses you.
An orc wizard comes into view. It is wielding a +0 dagger.
Prince Ribbit completely misses you.
Hit: b) +1 short sword (venom)
Press: ? - help, Dir - move target, f/p - Prince Ribbit
Aim: Prince Ribbit (lightly wounded, very poisoned, haloed, about 40% to evade your +1 short sword of venom)
You hit Prince Ribbit.
Prince Ribbit is lightly wounded.
Prince Ribbit closely misses you.
Hit: b) +1 short sword (venom)
Press: ? - help, Dir - move target, f/p - Prince Ribbit
Aim: Prince Ribbit (lightly wounded, very poisoned, haloed, about 40% to evade your +1 short sword of venom)
You hit Prince Ribbit.
Prince Ribbit looks as sick as possible!
Prince Ribbit is lightly wounded.
Prince Ribbit hits you but does no damage.
Prince Ribbit hits you.
Prince Ribbit hits you but does no damage.
The orc wizard casts a spell.
The orc wizard flickers and vanishes!
Deactivating autopickup; reactivate with Ctrl-A.
You hear a shout!
You climb upwards.
Reactivating autopickup.
There is a stone staircase leading down here.
Hit: b) +1 short sword (venom)
Press: ? - help, Dir - move target, f - Prince Ribbit
Aim: Prince Ribbit (moderately wounded, extremely poisoned, haloed, about 40% to evade your +1 short sword of venom)
You hit Prince Ribbit.
Prince Ribbit looks as sick as possible!
Prince Ribbit is heavily wounded.
Prince Ribbit closely misses you.
Hit: b) +1 short sword (venom)
Press: ? - help, Dir - move target, f/p - Prince Ribbit
Aim: Prince Ribbit (severely wounded, extremely poisoned, haloed, about 40% to evade your +1 short sword of venom)
You closely miss Prince Ribbit.
Prince Ribbit is severely wounded.
Prince Ribbit hits you but does no damage.
Prince Ribbit barely misses you.
Hit: b) +1 short sword (venom)
Press: ? - help, Dir - move target, f/p - Prince Ribbit
Aim: Prince Ribbit (severely wounded, extremely poisoned, haloed, about 40% to evade your +1 short sword of venom)
You hit Prince Ribbit.
Prince Ribbit looks as sick as possible!
Prince Ribbit is severely wounded.
Prince Ribbit blinks!
Throw: 26 stones
Press: ? - help, Q - select action, (/) - cycle Shift-Dir - straight line, f/p - Prince Ribbit
Aim: Prince Ribbit (severely wounded, extremely poisoned, 31% to hit)
You throw a stone. The stone closely misses Prince Ribbit.
Prince Ribbit blinks!
Throw: 25 stones
Press: ? - help, Q - select action, (/) - cycle Shift-Dir - straight line, f/p - Prince Ribbit
Aim: Prince Ribbit (almost dead, extremely poisoned, 31% to hit)
You throw a stone. The stone closely misses Prince Ribbit.
You kill Prince Ribbit!
Prince Ribbit returns to his original shape as he dies.
Your Fighting skill increases to level 6!
You have reached level 8!
You feel clever.
There is a stone staircase leading down here.
You climb downwards.
There is a stone staircase leading up here.
Hit: b) +1 short sword (venom)
Press: ? - help, Dir - move target, f - orc wizard
Aim: an orc wizard, wielding a +0 dagger and wearing a +0 robe (slightly transparent, haloed, about 26% to evade your +1 short sword of venom)
You hit the orc wizard but do no damage.
The orc wizard barely misses you.
Hit: b) +1 short sword (venom)
Press: ? - help, Dir - move target, f/p - orc wizard
Aim: an orc wizard, wielding a +0 dagger and wearing a +0 robe (slightly transparent, haloed, about 26% to evade your +1 short sword of venom)
You hit the orc wizard.
The orc wizard is poisoned.
The orc wizard is lightly wounded.
The orc wizard hits you with a +0 dagger.
Hit: b) +1 short sword (venom)
Press: ? - help, Dir - move target, f/p - orc wizard
Aim: an orc wizard, wielding a +0 dagger and wearing a +0 robe (lightly wounded, slightly transparent, very poisoned, haloed, about 26% to evade your +1 short sword of venom)
You hit the orc wizard.
The orc wizard is moderately wounded.
The orc wizard barely misses you.
Hit: b) +1 short sword (venom)
Press: ? - help, Dir - move target, f/p - orc wizard
Aim: an orc wizard, wielding a +0 dagger and wearing a +0 robe (moderately wounded, slightly transparent, very poisoned, haloed, about 26% to evade your +1 short sword of venom)
You barely miss the orc wizard.
The orc wizard is moderately wounded.
The orc wizard closely misses you.
Hit: b) +1 short sword (venom)
Press: ? - help, Dir - move target, f/p - orc wizard
Aim: an orc wizard, wielding a +0 dagger and wearing a +0 robe (moderately wounded, slightly transparent, very poisoned, haloed, about 26% to evade your +1 short sword of venom)
You hit the orc wizard but do no damage.
The orc wizard looks as sick as possible!
The orc wizard is moderately wounded.
The orc wizard hits you but does no damage.
Hit: b) +1 short sword (venom)
Press: ? - help, Dir - move target, f/p - orc wizard
Aim: an orc wizard, wielding a +0 dagger and wearing a +0 robe (heavily wounded, slightly transparent, extremely poisoned, haloed, about 26% to evade your +1 short sword of venom)
You hit the orc wizard but do no damage.
The orc wizard looks as sick as possible!
The orc wizard is heavily wounded.
The orc wizard hits you with a +0 dagger.
Hit: b) +1 short sword (venom)
Press: ? - help, Dir - move target, f/p - orc wizard
Aim: an orc wizard, wielding a +0 dagger and wearing a +0 robe (heavily wounded, slightly transparent, extremely poisoned, haloed, about 26% to evade your +1 short sword of venom)
You hit the orc wizard but do no damage.
The orc wizard looks as sick as possible!
The orc wizard is heavily wounded.
The orc wizard hits you with a +0 dagger.
Hit: b) +1 short sword (venom)
Press: ? - help, Dir - move target, f/p - orc wizard
Aim: an orc wizard, wielding a +0 dagger and wearing a +0 robe (heavily wounded, slightly transparent, extremely poisoned, haloed, about 26% to evade your +1 short sword of venom)
You hit the orc wizard.
The orc wizard looks as sick as possible!
The orc wizard is severely wounded.
You kill the orc wizard!
u - a poisoned dart
Things that are here:
a +0 dagger; a +0 robe; an orc corpse You see here a +0 plate armour.
C - a +0 plate armour
Things that are here:
a +0 dagger; a +0 robe; an orc corpse You now have 350 gold pieces (gained 14).
f - 5 scrolls labelled SUOMYU MEPEIH (gained 1)
Found a tapered glass wand.
Found a stone staircase leading down.
Found 8 gold pieces.
Found 4 darts of dispersal.
An ice beast comes into view.
You see here a wand of flame (10).
D - a wand of flame (10)
Press: ? - help, v - describe, . - travel, g - get item Item here: 4 darts of dispersal.
The floor.
Throw: 24 stones
Press: ? - help, Q - select action, (/) - cycle Shift-Dir - straight line, f - ice beast
Aim: an ice beast (57% to hit)
You throw a stone.
The stone hits the ice beast but does no damage.
Press: ? - help, v - describe, . - travel
Here: an ice beast The floor.
Okay, then.
Your +1 short sword of venom stops dripping with poison.
y - a +4 heavy flail (weapon)
There is a stone staircase leading up here.
Throw: 23 stones
Press: ? - help, Q - select action, (/) - cycle Shift-Dir - straight line, f/p - ice beast
Aim: an ice beast (57% to hit)
You throw a stone.
The stone hits the ice beast but does no damage.
Throw: 22 stones
Press: ? - help, Q - select action, (/) - cycle Shift-Dir - straight line, f/p - ice beast
Aim: an ice beast (haloed, 77% to hit)
You throw a stone.
The stone hits the ice beast but does no damage.
Throw: 21 stones
Press: ? - help, Q - select action, (/) - cycle Shift-Dir - straight line, f/p - ice beast
Aim: an ice beast (haloed, 77% to hit)
You throw a stone.
The stone hits the ice beast but does no damage.
Hit: y) +4 flail (heavy)
Press: ? - help, Dir - move target, f/p - ice beast
Aim: an ice beast (haloed, about 19% to evade your +4 heavy flail)
You sock the ice beast!
The ice beast is heavily wounded.
The ice beast hits you but does no damage.
The ice beast closely misses you.
Hit: y) +4 flail (heavy)
Press: ? - help, Dir - move target, f/p - ice beast
Aim: an ice beast (heavily wounded, haloed, about 19% to evade your +4 heavy flail)
You hit the ice beast.
The ice beast is heavily wounded.
The ice beast hits you but does no damage.
Hit: y) +4 flail (heavy)
Press: ? - help, Dir - move target, f/p - ice beast
Aim: an ice beast (heavily wounded, haloed, about 19% to evade your +4 heavy flail)
You barely miss the ice beast.
The ice beast is heavily wounded.
The ice beast hits you but does no damage.
The ice beast barely misses you.
Hit: y) +4 flail (heavy)
Press: ? - help, Dir - move target, f/p - ice beast
Aim: an ice beast (heavily wounded, haloed, about 19% to evade your +4 heavy flail)
You hit the ice beast.
The ice beast is severely wounded.
The ice beast hits you. The ice beast freezes you! The ice beast hits you.
The ice beast freezes you!
* * * LOW HITPOINT WARNING * * *
Hit: y) +4 flail (heavy)
Press: ? - help, Dir - move target, f/p - ice beast
Aim: an ice beast (severely wounded, haloed, about 19% to evade your +4 heavy flail)
You hit the ice beast but do no damage.
The ice beast is severely wounded.
The ice beast closely misses you.
The ice beast hits you but does no damage.
Hit: y) +4 flail (heavy)
Press: ? - help, Dir - move target, f/p - ice beast
Aim: an ice beast (severely wounded, haloed, about 19% to evade your +4 heavy flail)
You hit the ice beast but do no damage.
The ice beast is severely wounded.
The ice beast misses you.
The ice beast hits you but does no damage.
Hit: y) +4 flail (heavy)
Press: ? - help, Dir - move target, f/p - ice beast
Aim: an ice beast (severely wounded, haloed, about 19% to evade your +4 heavy flail)
You sock the ice beast!
You kill the ice beast!
a - a +0 hand axe (weapon)
Okay, then.
Adjust (i)tems, (s)pells, or (a)bilities?
y - a +4 heavy flail Adjust to which letter? (? for menu, Esc to quit)
w - a +4 heavy flail;
y - 2 scrolls labelled JITHAU SYUCOPO Your +1 short sword of venom begins to drip with poison!
b - a +1 short sword of venom (weapon)
You climb upwards.
There is a stone staircase leading down here.
Found Ucicry's Distillery.
Found a quarterstaff.
There is an entrance to Ucicry's Distillery here.
i - 2 potions of heal wounds (gained 1);
k - 3 potions of curing (gained 1)
E - a potion of enlightenment;
s - 3 potions of might (gained 1)
F - a potion of cancellation Thank you for shopping at Ucicry's Distillery!
You can access your shopping list by pressing '$'.
Okay, then.
Found a scroll labelled TIHOWI VIFRUDY.
G - a scroll labelled TIHOWI VIFRUDY
Found a leather armour.
You see here a +0 leather armour.
Found a stone staircase leading down.
There is a stone staircase leading down here.
You climb downwards.
The orc shouts! x2; The orc priest shouts!
You hear a shout!
There is a stone staircase leading up here.
Throw: 20 stones
Press: ? - help, Q - select action, (/) - cycle Shift-Dir - straight line, f - orc
Aim: an orc, wielding a +0 dagger (haloed, 77% to hit)
You throw a stone.
The stone hits the orc but does no damage.
The orc priest begins to cast a cantrip, but forgets the words!
Throw: 19 stones
Press: ? - help, Q - select action, (/) - cycle Shift-Dir - straight line, f/p - orc
Aim: an orc, wielding a +0 dagger (haloed, 77% to hit)
You throw a stone. The stone hits the orc.
The orc is moderately wounded.
An orc priest comes into view. It is wielding a +0 flail.
The orc closely misses you.
You climb upwards.
There is a stone staircase leading down here.
You hit the orc.
The orc is heavily wounded.
The orc closely misses you.
You hit the orc.
You kill the orc!
No target in view!
An orc comes into view. It is wielding a +0 morningstar.
The orc shouts!
The orc misses you.
You hit the orc.
The orc is poisoned.
The orc is moderately wounded.
The orc hits you but does no damage.
You hit the orc.
The orc looks as sick as possible!
The orc is severely wounded.
The orc hits you but does no damage.
You hit the orc but do no damage.
The orc looks as sick as possible!
The orc is almost dead.
You kill the orc!
Things that are here:
a +0 morningstar; a +0 leather armour
H - a +0 morningstar
Found 5 gold pieces.
You now have 80 gold pieces (gained 5).
An ufetubus comes into view.
An orc wizard, an orc and an adder come into view.
The orc wizard shouts!
The orc shouts!
The adder hisses angrily.
The ufetubus shouts!
A wight comes into view. It is wielding a +0 halberd.
The orc wizard moves out of view.
An orc comes into view. It is wielding a +0 flail.
The orc moves out of view.
Your +1 short sword of venom stops dripping with poison.
w - a +4 heavy flail (weapon)
You barely miss the orc. The orc barely misses you.
The orc hits you but does no damage.
You bludgeon the orc!!
You kill the orc!
The ufetubus misses you. The ufetubus barely misses you. x2
The ufetubus hits you but does no damage.
You closely miss the ufetubus. The ufetubus barely misses you.
The ufetubus hits you but does no damage. x3
The ufetubus slips past you! The ufetubus barely misses you.
The ufetubus hits you but does no damage.
You sock the ufetubus!
You kill the ufetubus!
The Shining One accepts your kill.
You feel better.
The adder bites you but does no damage. x2
Your Armour skill increases to level 5!
You closely miss the adder. The adder bites you.
The adder bites you but does no damage.
The orc wizard mumbles some strange words.
The orc wizard flickers and vanishes for a moment.
You hear a shout! x2
You sock the adder!
You kill the adder!
You hit the orc.
The orc is moderately wounded.
The orc hits you but does no damage.
You thump the orc!
You kill the orc!
The orc wizard gestures at you while chanting.
You are confused.
An orc comes into view. It is wielding a +2 heavy hand axe.
You are too confused!
You closely miss the orc wizard.
The orc wizard hits you with a +3 dagger.
The orc wizard hits you but does no damage.
You bump into the rock wall.
The orc wizard hits you but does no damage.
You bump into the rock wall.
The orc wizard hits you but does no damage.
You bludgeon the orc wizard!!
You kill the orc wizard!
The orc closely misses you.
You bump into the rock wall.
You feel less confused.
You thump the orc!
You kill the orc!
A wight comes into view. It is wielding a +3 mace.
The wight moves out of view.
Items here: )))) [[[ ††††.
Okay, then.
Press: ? - help, v - describe, . - travel, g - get item
Items here: )))) [[[ ††††.
The floor, spattered with blood.
This square is lit by a halo.
You drop a +0 hand axe.
a - a +2 heavy hand axe
Press: ? - help, v - describe, . - travel
Here: a wight, wielding a +3 mace and wearing a +0 robe (haloed)
The floor.
Unknown command.
Unknown command.
Things that are here:
a +0 dagger; an orc corpse Throw: 18 stones
Press: ? - help, Q - select action, (/) - cycle Shift-Dir - straight line, f - wight
Aim: a wight, wielding a +3 mace and wearing a +0 robe (haloed, 77% to hit)
Okay, then.
Throw: 18 stones
Press: ? - help, Q - select action, (/) - cycle Shift-Dir - straight line, f - wight
Aim: a wight, wielding a +3 mace and wearing a +0 robe (haloed, 77% to hit)
You throw a stone.
The stone hits the wight but does no damage.
Throw: 17 stones
Press: ? - help, Q - select action, (/) - cycle Shift-Dir - straight line, f/p - wight
Aim: a wight, wielding a +3 mace and wearing a +0 robe (haloed, 77% to hit)
You throw a stone. The stone barely misses the wight.
Hit: w) +4 flail (heavy)
Press: ? - help, Dir - move target, f/p - wight
Aim: a wight, wielding a +3 mace and wearing a +0 robe (haloed, about 19% to evade your +4 heavy flail)
You bludgeon the wight!!
You destroy the wight!
The Shining One accepts your kill.
You feel better.
Things that are here:
a +3 mace; a +0 robe
Press: ? - help, v - describe, . - travel, g - get item
Items here: a +3 mace; a +0 robe.
The floor.
This square is lit by a halo.
Unknown command.
HP restored.
Things that are here:
a +0 dagger; an orc corpse
There is a stone staircase leading down here.
Items here: )))) [[[ ††††.
HP restored.
A bullfrog comes into view.
Found a chain mail.
The bullfrog gives a loud, deep croak!
You sock the bullfrog!
The bullfrog is heavily wounded.
The bullfrog barely misses you.
The bullfrog hits you but does no damage.
The bullfrog closely misses you.
You sock the bullfrog!
The bullfrog is almost dead.
The bullfrog hits you but does no damage.
The bullfrog barely misses you. The bullfrog hits you.
You hit the bullfrog.
You kill the bullfrog!
Your Axes skill increases to level 6!
No target in view!
You see here a bullfrog corpse.
A wight comes into view. It is wielding a +0 morningstar.
You see here a +0 chain mail.
I - a +0 chain mail A wight and an ufetubus come into view.
The ufetubus shouts!
A wight comes into view. It is wielding a +0 flail.
The ufetubus moves out of view.
You sock the wight!
The wight is severely damaged.
The wight closely misses you. The wight hits you but does no damage.
You barely miss the wight.
The wight is severely damaged.
The wight closely misses you.
The wight hits you with a +0 morningstar.
The wight attacks as it pursues you! The wight hits you with a +5 falchion.
The wight hits you with a +0 morningstar.
Throw: 16 stones
Press: ? - help, Q - select action, (/) - cycle Shift-Dir - straight line, f - wight
Aim: a wight, wielding a +0 morningstar and wearing a +0 robe (severely damaged, haloed, 77% to hit)
Okay, then.
Throw: 16 stones
Press: ? - help, Q - select action, (/) - cycle Shift-Dir - straight line, f - wight
Aim: a wight, wielding a +5 falchion and wearing a +0 robe (haloed, 77% to hit)
You throw a stone.
The stone hits the wight but does no damage.
Hit: w) +4 flail (heavy)
Press: ? - help, Dir - move target, f/p - wight
Aim: a wight, wielding a +5 falchion and wearing a +0 robe (haloed, about 19% to evade your +4 heavy flail)
You completely miss the wight. The wight hits you with a +5 falchion!
Hit: w) +4 flail (heavy)
Press: ? - help, Dir - move target, f - wight, p - wight
Aim: a wight, wielding a +0 morningstar and wearing a +0 robe (heavily damaged, haloed, about 19% to evade your +4 heavy flail)
You hit the wight.
The wight is severely damaged.
The wight hits you with a +0 morningstar!
* * * LOW HITPOINT WARNING * * *
Hit: w) +4 flail (heavy)
Press: ? - help, Dir - move target, f/p - wight
Aim: a wight, wielding a +0 morningstar and wearing a +0 robe (severely damaged, haloed, about 19% to evade your +4 heavy flail)
You hit the wight.
The wight is almost destroyed.
The wight hits you with a +0 morningstar!
* * * LOW HITPOINT WARNING * * *
The wight hits you with a +0 morningstar!
You die...

......#...'....#z.....##
......#...#.####.....##
......#...#.##......##
........... ##5#...##
.##.######## #.#..##
.##.# #z#### .#..# #5#
## .#.## #z##.+ .#.#
#zz@.+ .#.# ####.+
.#.#### .# .#..... .#
....# .# ....# #. ....#
. ....######## .
...†........


You could see 3 wights.

Vanquished Creatures
  Prince Ribbit (D:6)
  A water moccasin (D:5)
  An ice beast (D:7)
  An ogre (D:5)
  A sky beast (D:3)
  A kobold brigand (D:3)
  A bullfrog (D:6)
  A scorpion (D:5)
  A wight (D:6)
  2 howler monkeys
  3 hounds (D:5)
  An iguana (D:6)
  2 orc wizards
  5 adders
  3 gnolls
  An ufetubus (D:6)
  2 dart slugs
  A ribbon worm (D:3)
  6 orcs
  3 endoplasms
  4 giant cockroaches
  2 goblins (D:3)
  4 hobgoblins
  10 jackals
  4 quokkas
  5 ball pythons
  9 bats
  2 frilled lizards
  14 kobolds
  5 rats
97 creatures vanquished.

Notes
Turn   | Place    | Note
-------+----------+-------------------------------------------
     0 | D:1      | jagoly the Gargoyle Monk began the quest for the Orb.
     0 | D:1      | Reached XP level 1. HP: 14/14 MP: 1/1
   122 | D:1      | Reached XP level 2. HP: 14/19 MP: 2/2
   179 | D:1      | Reached skill level 1 in Stealth
   281 | D:1      | Reached XP level 3. HP: 13/23 MP: 3/3
   593 | D:2      | Reached XP level 4. HP: 29/29 MP: 4/4
   601 | D:2      | Reached skill level 1 in Armour
   655 | D:3      | Noticed a kobold brigand
   699 | D:3      | Killed a kobold brigand
   700 | D:3      | Reached XP level 5. HP: 13/33 MP: 5/5
   725 | D:3      | Found a faded altar of an unknown god.
   725 | D:3      | Noticed a sky beast
   736 | D:3      | Killed a sky beast
   737 | D:3      | Reached XP level 6. HP: 20/39 MP: 6/6
   929 | D:4      | Found a staircase to the Ecumenical Temple.
   946 | Temple   | Entered the Ecumenical Temple
  1143 | D:5      | Entered Level 5 of the Dungeon
  1553 | D:5      | Found a white marble altar of Elyvilon.
  1553 | D:5      | Found a glowing silver altar of Zin.
  1553 | D:5      | Found a glowing golden altar of the Shining One.
  1559 | D:5      | Became a worshipper of the Shining One
  1559 | D:5      | Reached * piety under the Shining One
  1559 | D:5      | Reached ** piety under the Shining One
  1571 | D:5      | Reached skill level 5 in Fighting
  1571 | D:5      | Reached XP level 7. HP: 23/44 MP: 7/7
  1634 | D:5      | Reached skill level 5 in Axes
  1727 | D:7      | Noticed Prince Ribbit
  1742 | D:6      | Killed Prince Ribbit
  1743 | D:6      | Reached XP level 8. HP: 35/51 MP: 8/8
  1818 | D:6      | Found Ucicry's Distillery.
  1826 | D:6      | Bought a potion of heal wounds for 55 gold pieces
  1826 | D:6      | Bought a potion of curing for 33 gold pieces
  1826 | D:6      | Bought a potion of enlightenment for 55 gold pieces
  1826 | D:6      | Bought a potion of might for 44 gold pieces
  1826 | D:6      | Bought a potion of cancellation for 88 gold pieces
  1878 | D:6      | Reached skill level 5 in Armour
  1954 | D:6      | Slain by a wight

Illustrated notes

Levels and vault maps discovered:
D:1:      tarquinn_simple_flora_water_f, layout_loops_ring
D:2:      layout_basic
D:3:      layout_rooms, chequers_ecumenical_altar_simple_redux
D:4:      layout_gridville, minmay_temple_entry_mini_moons
D:5:      layout_cave_pools, dreamdust_divine_triumvirate, grunt_tough_drop
D:6:      layout_basic, serial_shops, shop, kennysheep_cluttered_room,
          minmay_manual_macuahuitl, uniq_menkaure, uniq_grinder, uniq_sigmund
D:7:      layout_rooms, uniq_prince_ribbit1
Temple:   hellmonk_temple_two_chambers

Skill      XL: |  1  2  3  4  5  6  7  8 |
---------------+-------------------------+-----
Axes           | 3 4 5 6 |  6.0
Stealth        | 1 2 |  2.0
Armour         | 1 2 3 4 5 |  5.3
Fighting       | 4 5 6 |  6.7
Dodging        | 3 |  3.0

Action                     |  1- 3 |  4- 6 |  7- 9 || total
---------------------------+-------+-------+-------++-------
  Melee: Hand axe          |   124 |    61 |       ||   185
         Short sword       |       |    87 |    48 ||   135
         Flail             |       |     2 |    34 ||    36
  Throw: Stone             |       |     2 |    12 ||    14
         Dart              |       |     2 |     1 ||     3
    Use: Potion            |       |     1 |       ||     1
 Armour: Robe              |    39 |       |       ||    39
         Ring mail         |    31 |   110 |    68 ||   209
  Dodge: Dodged            |    90 |    89 |    56 ||   235
